General information
- name: BNet
- type: Ladder team game (AT/RT)
- host: Battle.net
- saver: Bull
map: Deathknell
- players: 8
- length: 37:06
- speed: Fast
- version: 1.26 W3XP
- replay type: Public
» download(224 KB)
Players
team 1 (winner)

»
kalthar (
green | 56 APM | 2071 actions | 37:05)
10 Dark Ranger
3 Black Arrow
3 Silence
1 Charm
3 Life Drain
2 Death Knight
1 Unholy Aura
1 Death Coil
» actions
| Assign group hotkey | 51 | |
| Basic commands | 61 | |
| Build / train | 93 | |
| ESC pressed | 1 | |
| Enter build submenu | 31 | |
| Enter hero's abilities submenu | 13 | |
| Give item / drop item | 1 | |
| Right click | 809 | |
| Select / deselect | 356 | |
| Select group hotkey | 561 | |
| Use ability | 94 | |
2071 total
» units
| Acolyte | 8 | |
| Ghoul | 4 | |
| Crypt Fiend | 34 | |
| Frost Wyrm | 1 | |
| Obsidian Statue | 3 | |
50 total
» upgrades
| Creature Attack | 4 | |
| Web | 1 | |
| Burrow | 1 | |
| Creature Carapace | 4 | |
| Freezing Breath | 1 | |
| Backpack | 1 | |
12 total
» buildings
| Graveyard | 1 | |
| Crypt | 3 | |
| Ziggurat | 12 | |
| Altar of Darkness | 1 | |
| Tomb of Relics | 1 | |
| Halls of the Dead | 2 | |
| Black Citadel | 2 | |
| Sacrificial Pit | 1 | |
| Boneyard | 3 | |
| Slaughterhouse | 1 | |
27 total
» build order
00:12 Graveyard
00:18 Crypt
00:38 Ziggurat
00:58 Altar of Darkness
01:40 Tomb of Relics
02:09 Ziggurat
04:05 Halls of the Dead
04:14 Crypt
05:06 Ziggurat
07:24 Ziggurat
07:46 Halls of the Dead
10:49 Black Citadel
10:52 Black Citadel
10:54 Sacrificial Pit
11:25 Ziggurat
11:27 Ziggurat
11:28 Ziggurat
13:47 Boneyard
13:48 Boneyard
13:51 Boneyard
14:13 Ziggurat
14:21 Slaughterhouse
14:44 Ziggurat
14:46 Ziggurat
21:43 Ziggurat
21:48 Crypt
25:37 Ziggurat
» items
| Rod of Necromancy | 4 | |
| Dust of Appearance | 1 | |
| Scroll of Town Portal | 5 | |
| Scroll of Healing | 1 | |
11 total

»
LolWall (
pink | 27 APM | 124 actions | 04:39)
1 Death Knight
1 Death Coil
» actions
| Assign group hotkey | 6 | |
| Basic commands | 1 | |
| Build / train | 10 | |
| Enter build submenu | 10 | |
| Enter hero's abilities submenu | 2 | |
| Right click | 52 | |
| Select / deselect | 36 | |
| Use ability | 7 | |
124 total
» units
| Acolyte | 2 | |
| Ghoul | 2 | |
| Crypt Fiend | 2 | |
6 total
» buildings
| Altar of Darkness | 1 | |
| Ziggurat | 2 | |
| Crypt | 1 | |
| Graveyard | 1 | |
| Tomb of Relics | 1 | |
| Nerubian Tower | 1 | |
| Spirit Tower | 1 | |
8 total
» build order
00:05 Altar of Darkness
00:07 Ziggurat
00:35 Crypt
01:30 Graveyard
01:46 Tomb of Relics
03:42 Ziggurat
04:36 Nerubian Tower
04:37 Spirit Tower

»
helloo (
purple | 37 APM | 1367 actions | 37:05)
9 Priestess of the Moon
3 Trueshot Aura
3 Searing Arrows
1 Starfall
2 Scout
4 Warden
2 Fan of Knives
2 Shadow Strike
» actions
| Assign group hotkey | 39 | |
| Build / train | 110 | |
| Enter build submenu | 26 | |
| Enter hero's abilities submenu | 14 | |
| Right click | 592 | |
| Select / deselect | 407 | |
| Select group hotkey | 90 | |
| Use ability | 89 | |
1367 total
» units
| Wisp | 22 | |
| Archer | 30 | |
| Hippogryph | 27 | |
| Frost Wyrm | 2 | |
| Huntress | 2 | |
83 total
» upgrades
| Strength of the Moon | 2 | |
| Improved Bows | 1 | |
| Hippogryph Taming | 1 | |
| Moon Armor | 2 | |
6 total
» buildings
| Altar of Elders | 1 | |
| Moon Well | 6 | |
| Ancient of War | 2 | |
| Hunter's Hall | 1 | |
| Tree of Ages | 1 | |
| Ancient of Wonders | 1 | |
| Ancient of Wind | 2 | |
| Ancient Protector | 12 | |
| Tree of Life | 1 | |
| Tree of Eternity | 1 | |
28 total
» build order
00:08 Altar of Elders
00:15 Moon Well
00:18 Ancient of War
01:38 Moon Well
02:10 Ancient of War
02:23 Moon Well
02:57 Hunter's Hall
04:27 Tree of Ages
04:37 Moon Well
05:45 Ancient of Wonders
06:53 Ancient of Wind
07:02 Ancient of Wind
07:32 Moon Well
10:40 Moon Well
11:43 Ancient Protector
17:30 Ancient Protector
18:10 Ancient Protector
21:21 Tree of Life
26:14 Ancient Protector
26:31 Ancient Protector
28:26 Ancient Protector
28:30 Ancient Protector
29:35 Ancient Protector
29:38 Ancient Protector
30:49 Ancient Protector
33:02 Ancient Protector
33:06 Ancient Protector
35:14 Tree of Eternity
» items
Bull (
red | 75 APM | 2779 actions | 37:06)
9 Tauren Chieftain
2 Endurance Aura
3 Shockwave
1 Reincarnation
3 War Stomp
» actions
| Assign group hotkey | 193 | |
| Basic commands | 166 | |
| Build / train | 77 | |
| Enter build submenu | 33 | |
| Enter hero's abilities submenu | 10 | |
| Give item / drop item | 1 | |
| Right click | 1272 | |
| Select / deselect | 394 | |
| Select group hotkey | 498 | |
| Use ability | 135 | |
2779 total
» units
| Peon | 9 | |
| Grunt | 5 | |
| Acolyte | 3 | |
| Ghoul | 3 | |
| Wind Rider | 7 | |
| Crypt Fiend | 1 | |
| Goblin Shredder | 1 | |
| Troll Batrider | 8 | |
| Goblin Zeppelin | 1 | |
38 total
» upgrades
| Armor | 2 | |
| Creature Attack | 1 | |
| Berserker Strength | 1 | |
| Ranged Weapons | 2 | |
| Troll Regeneration | 1 | |
| Shaman Training | 2 | |
| Liquid Fire | 1 | |
| Reinforced Defenses | 1 | |
11 total
» buildings
| Orc Burrow | 6 | |
| Altar of Storms | 1 | |
| Barracks | 1 | |
| Voodoo Lounge | 1 | |
| Stronghold | 1 | |
| War Mill | 2 | |
| Beastiary | 4 | |
| Ziggurat | 2 | |
| Great Hall | 4 | |
| Spirit Tower | 1 | |
| Watch Tower | 8 | |
| Spirit Lodge | 2 | |
| Fortress | 1 | |
34 total
» build order
00:11 Orc Burrow
00:52 Altar of Storms
00:53 Barracks
01:07 Orc Burrow
02:17 Voodoo Lounge
02:51 Stronghold
03:58 War Mill
04:04 Orc Burrow
05:36 Beastiary
05:36 Beastiary
05:41 Ziggurat
05:42 Ziggurat
06:43 Great Hall
06:54 Orc Burrow
07:17 Spirit Tower
09:28 Orc Burrow
10:06 Watch Tower
10:07 Watch Tower
10:09 Watch Tower
11:09 Watch Tower
11:30 Spirit Lodge
12:03 Fortress
13:41 Beastiary
13:42 Beastiary
14:53 Spirit Lodge
18:32 Orc Burrow
18:35 Watch Tower
18:35 Watch Tower
19:40 Great Hall
23:32 Great Hall
24:57 Great Hall
25:08 War Mill
28:14 Watch Tower
28:38 Watch Tower
» items
| Healing Salve | 7 | |
| Lesser Clarity Potion | 3 | |
| Scroll of Town Portal | 3 | |
| Orb of Lightning | 1 | |
14 total
team 2 (loser)

»
WATCH_uR_TV_SON (
teal | 58 APM | 2158 actions | 37:00)
10 Far Seer
3 Feral Spirit
3 Chain Lighting
1 Earth Quake
3 Far Sight
» actions
| Assign group hotkey | 75 | |
| Basic commands | 261 | |
| Build / train | 132 | |
| ESC pressed | 5 | |
| Enter build submenu | 30 | |
| Enter hero's abilities submenu | 11 | |
| Give item / drop item | 3 | |
| Remove unit from queue | 5 | |
| Right click | 688 | |
| Select / deselect | 631 | |
| Select group hotkey | 164 | |
| Use ability | 153 | |
2158 total
» units
| Peon | 22 | |
| Grunt | 5 | |
| Ice Troll Berserker | 1 | |
| Ice Troll Trapper | 5 | |
| Wind Rider | 6 | |
| Troll Headhunter/Berserker | 25 | |
| Shaman | 9 | |
| Troll Batrider | 1 | |
| Tauren | 1 | |
75 total
» upgrades
| Ranged Weapons | 3 | |
| Armor | 2 | |
| Shaman Training | 2 | |
| Troll Regeneration | 0 | |
| Berserker Upgrade | 1 | |
| Envenomed Spears | 1 | |
| Reinforced Defenses | 1 | |
| Witch Doctor Training | 2 | |
12 total
» buildings
| Altar of Storms | 1 | |
| Orc Burrow | 6 | |
| Barracks | 1 | |
| Voodoo Lounge | 2 | |
| Stronghold | 3 | |
| War Mill | 1 | |
| Fortress | 1 | |
| Spirit Lodge | 1 | |
| Beastiary | 2 | |
| Great Hall | 5 | |
| Watch Tower | 6 | |
29 total
» build order
00:06 Altar of Storms
00:10 Orc Burrow
00:43 Barracks
01:30 Orc Burrow
02:28 Voodoo Lounge
02:30 Voodoo Lounge
03:39 Orc Burrow
04:18 Stronghold
04:18 Stronghold
04:18 Stronghold
04:23 War Mill
05:03 Orc Burrow
06:49 Fortress
06:54 Spirit Lodge
06:57 Beastiary
07:54 Orc Burrow
08:13 Great Hall
11:14 Great Hall
16:14 Beastiary
16:22 Great Hall
16:53 Orc Burrow
17:28 Watch Tower
17:49 Watch Tower
17:52 Watch Tower
19:32 Watch Tower
19:36 Watch Tower
21:16 Watch Tower
23:10 Great Hall
27:50 Great Hall
» items
| Healing Salve | 7 | |
| Scroll of Speed | 1 | |
| Lesser Clarity Potion | 4 | |
| Potion of Mana | 1 | |
| Potion of Healing | 1 | |
| Scroll of Town Portal | 1 | |
15 total

»
knmhsx (
blue | 33 APM | 1075 actions | 32:54)
5 Far Seer
3 Feral Spirit
2 Chain Lighting
» actions
| Assign group hotkey | 46 | |
| Build / train | 57 | |
| Enter build submenu | 20 | |
| Enter hero's abilities submenu | 5 | |
| Right click | 468 | |
| Select / deselect | 254 | |
| Select group hotkey | 175 | |
| Use ability | 50 | |
1075 total
» units
| Peon | 10 | |
| Grunt | 6 | |
| Shaman | 12 | |
| Tauren | 7 | |
35 total
» upgrades
| Melee Weapons | 3 | |
| Armor | 3 | |
| Berserker Strength | 1 | |
| Shaman Training | 2 | |
| Pulverize | 1 | |
10 total
» buildings
| Orc Burrow | 10 | |
| Altar of Storms | 1 | |
| War Mill | 1 | |
| Barracks | 1 | |
| Voodoo Lounge | 1 | |
| Stronghold | 1 | |
| Fortress | 1 | |
| Spirit Lodge | 2 | |
| Tauren Totem | 2 | |
| Great Hall | 1 | |
21 total
» build order
00:23 Orc Burrow
00:39 Altar of Storms
00:55 War Mill
01:18 Orc Burrow
01:51 Barracks
02:19 Orc Burrow
04:17 Voodoo Lounge
05:40 Stronghold
06:17 Orc Burrow
07:27 Orc Burrow
08:07 Fortress
08:15 Spirit Lodge
08:23 Spirit Lodge
09:47 Orc Burrow
10:44 Tauren Totem
10:49 Tauren Totem
12:13 Orc Burrow
18:13 Orc Burrow
18:41 Orc Burrow
18:47 Orc Burrow
28:54 Great Hall
» items
| Healing Salve | 2 | |
| Scroll of Town Portal | 2 | |
4 total
c0LAnt (
orange | 42 APM | 1539 actions | 37:04)
6 Demon Hunter
2 Immolation
3 Evasion
1 Metamorphosis
» actions
| Assign group hotkey | 9 | |
| Basic commands | 16 | |
| Build / train | 54 | |
| Enter build submenu | 19 | |
| Enter hero's abilities submenu | 8 | |
| Right click | 1027 | |
| Select / deselect | 319 | |
| Select group hotkey | 12 | |
| Use ability | 75 | |
1539 total
» units
| Wisp | 15 | |
| Archer | 1 | |
| Huntress | 3 | |
| Hippogryph | 13 | |
| Chimaera | 8 | |
| Ice Troll Berserker | 1 | |
| Shaman | 2 | |
43 total
» upgrades
» buildings
| Moon Well | 9 | |
| Altar of Elders | 1 | |
| Ancient of War | 1 | |
| Hunter's Hall | 1 | |
| Tree of Ages | 1 | |
| Tree of Eternity | 1 | |
| Ancient of Wind | 1 | |
| Chimaera Roost | 3 | |
| Tree of Life | 1 | |
19 total
» build order
00:07 Moon Well
00:08 Altar of Elders
01:04 Ancient of War
01:57 Hunter's Hall
02:27 Moon Well
03:11 Tree of Ages
03:52 Moon Well
05:46 Tree of Eternity
05:51 Moon Well
05:56 Ancient of Wind
06:01 Moon Well
06:51 Moon Well
07:10 Moon Well
07:47 Moon Well
08:39 Chimaera Roost
08:41 Chimaera Roost
08:45 Chimaera Roost
09:34 Moon Well
21:17 Tree of Life
» items
Khovinn (
yellow | 53 APM | 1753 actions | 32:49)
6 Keeper of the Grove
3 Entangling Roots
2 Thorns Aura
1 Tranquility
4 Priestess of the Moon
2 Trueshot Aura
2 Searing Arrows
» actions
| Assign group hotkey | 41 | |
| Build / train | 93 | |
| Enter build submenu | 26 | |
| Enter hero's abilities submenu | 10 | |
| Remove unit from queue | 3 | |
| Right click | 515 | |
| Select / deselect | 572 | |
| Select group hotkey | 425 | |
| Use ability | 66 | |
1753 total
» units
| Wisp | 18 | |
| Archer | 9 | |
| Druid of the Talon | 12 | |
| Dryad | 14 | |
| Chimaera | 9 | |
62 total
» upgrades
| Improved Bows | 1 | |
| Strength of the Wild | 3 | |
| Marksmanship | 1 | |
| Abolish Magic | 1 | |
| Reinforced Hides | 3 | |
| Druid of the Talon Training | 2 | |
| Corrosive Breath | 1 | |
| Mark of the Talon | 1 | |
| Well Spring | 1 | |
14 total
» buildings
| Moon Well | 6 | |
| Altar of Elders | 1 | |
| Ancient of War | 2 | |
| Ancient of Wonders | 1 | |
| Tree of Ages | 1 | |
| Hunter's Hall | 1 | |
| Tree of Eternity | 1 | |
| Ancient of Wind | 1 | |
| Ancient of Lore | 1 | |
| Chimaera Roost | 2 | |
| Tree of Life | 3 | |
| Ancient Protector | 2 | |
22 total
» build order
00:19 Moon Well
00:33 Altar of Elders
01:01 Ancient of War
01:33 Moon Well
01:59 Ancient of War
02:17 Ancient of Wonders
03:35 Tree of Ages
04:01 Moon Well
05:21 Hunter's Hall
06:00 Tree of Eternity
06:05 Ancient of Wind
06:37 Ancient of Lore
08:29 Chimaera Roost
08:32 Chimaera Roost
09:24 Moon Well
09:49 Moon Well
09:52 Moon Well
10:37 Tree of Life
14:13 Tree of Life
18:31 Tree of Life
22:12 Ancient Protector
22:59 Ancient Protector
Chat log
(00:39 / Allies) helloo: flyer/dyrad
(01:10 / Allies) kalthar: fiends/statues
(01:39 / Allies) LolWall: fiends
(04:50 / Allies) helloo: tp
(05:18 / Allies) Bull: what a faggot
(05:23 / Allies) helloo: ya newb
(06:05 / Allies) helloo: someone got him?
(06:14 / Allies) helloo: at least we know they cant micro
(06:24 / Allies) Bull: I am too lazy
(07:23 / Allies) Bull: someone taking pink?
(07:35 / Allies) helloo: not real good with ud
(07:44 / Allies) Bull: you got green?
(07:51 / Allies) kalthar: I'll try
(07:52 / Allies) helloo: get item \green
(07:53 / Allies) helloo: its urs
(07:59 / Allies) kalthar: I'll try
(12:09 / Allies) helloo: web
(12:09 / Allies) helloo: them
(13:27 / Allies) Bull: I all bats
(13:31 / Allies) Bull: nvm
(13:34 / Allies) Bull: but we need mroe aa
(13:48 / Allies) helloo: working on it
(14:46 / Allies) helloo: need sham
(14:47 / Allies) helloo: red
(19:00 / Allies) Bull: all got tps?
(19:04 / Allies) kalthar: ya
(19:12 / Allies) Bull: tp
(19:17 / Allies) kalthar: b
(19:24 / Allies) Bull: go
(19:48 / Allies) Bull: omw
(20:33 / Allies) Bull: fiends
(22:39 / Allies) Bull: teals
(22:40 / Allies) Bull: expo
(22:44 / Allies) Bull: teals expo
(23:16 / Allies) Bull: orange's bsae
(24:05 / Allies) helloo: expo
(24:38 / Allies) Bull: let's tp to green?
(24:47 / Allies) helloo: need 300 g for tp
(24:48 / Allies) kalthar: no tp
(24:51 / Allies) Bull: let's go to green
(24:58 / Allies) helloo: go on foot
(25:00 / Allies) helloo: have starfall
(25:29 / Allies) helloo: make ziggs
(25:30 / Allies) Bull: let's try to find them groups
(25:32 / Allies) Bull: grouped
(25:41 / Allies) helloo: all get a tp
(25:51 / Allies) Bull: let's head south grouped up
(26:20 / Allies) Bull: don't let em expo
(27:03 / Allies) Bull: b up
(27:40 / Allies) Bull: yel potm
(28:04 / Allies) Bull: I'll have to run if they attack my chief
(28:09 / Allies) Bull: revive is on cooldown
(28:19 / Allies) helloo: hit expos
(28:56 / Allies) Bull: ]that one next
(29:07 / Allies) kalthar: tp to red if they attack full?
(29:14 / Allies) Bull: yeah
(29:15 / Allies) helloo: to green
(29:20 / Allies) helloo: oh red expo
(29:55 / Allies) Bull: that one next
(30:18 / Allies) Bull: go ptom
(30:20 / Allies) kalthar: where no?
(30:22 / Allies) kalthar: now
(30:40 / Allies) Bull: then save my expo
(30:46 / Allies) kalthar: k
(30:58 / Allies) Bull: nvm it's gonna die
(31:10 / Allies) Bull: attack teal tho
(31:38 / Allies) kalthar: finish orange?
(31:40 / Allies) Bull: put scouts at expos
(32:37 / Allies) Bull: stay grouped
(32:49 / Allies) Bull: remake purple
(33:08 / Allies) helloo: lawl
(33:09 / Allies) Bull: send ouwl scout
(33:10 / Allies) helloo: see that haha
(33:10 / Allies) Bull: for peons
(33:12 / Allies) Bull: *
(33:12 / Allies) Bull: expos
(33:36 / Allies) Bull: when I stomp a hero everyone focus it
(33:41 / Allies) Bull: if it's in good range
(33:53 / Allies) Bull: readY?
(34:00 / Allies) Bull: let's move on
(34:30 / Allies) Bull: we gotta get blue's expo
(34:30 / All) helloo: was a gg
(34:32 / Allies) kalthar: lov echarm
(34:34 / Allies) Bull: ain't over yet
(34:40 / Allies) Bull: don't ever let them expand
(35:05 / Allies) Bull: stick together
(35:28 / Allies) Bull: yellow dumbass
(35:31 / Allies) Bull: never roots potm lol
(35:46 / Allies) helloo: why run
(36:04 / Allies) Bull: farseer
(36:20 / Allies) Bull: kotg
(36:53 / Allies) Bull: I like you guys
(36:56 / Allies) Bull: you play a team game
(36:57 / All) WATCH_uR_TV_SON: gg
(36:58 / Allies) kalthar: :)
(37:02 / All) kalthar: gg